 Dungeon Crawl Stone Soup version 0.28-a0-1080-g05a166d0ed (webtiles) character file.

Game seed: 1748683641519274541

710 ytrimaz the Covered (level 7, -2/61 HPs)
             Began as a Minotaur Fighter on Dec 9, 2021.
             Was an Initiate of Gozag.
             Killed by divine providence
             ... invoked by an orc priest
              (12 damage)
             ... on level 4 of the Dungeon.
             The game lasted 00:03:03 (3837 turns).

ytrimaz the Covered (Minotaur Fighter)              Turns: 3837, Time: 00:03:03

Health: -2/61      AC:  7    Str: 22    XL:     7   Next: 40%
Magic:  6/6        EV:  9    Int:  5    God:    Gozag
Gold:   576        SH:  4    Dex: 10    Spells: 6/6 levels left

rFire   . . .      SeeInvis .   a - +0 war axe
rCold   + . .      Faith    .   c - +0 buckler
rNeg    . . .      Spirit   .   b - +0 scale mail
rPois   .          Reflect  .   (helmet restricted)
rElec   .          Harm     .   (no cloak)
rCorr   .          Rampage  .   (no gloves)
Will    +....                   (no boots)
Stlth   ..........              (no amulet)
HPRegen 0.20/turn               e - ring of willpower
MPRegen 0.10/turn               f - ring of protection from cold

@: gold aura
A: horns 2, retaliatory headbutt
a: Renounce Religion, Potion Petition, Call Merchant, Bribe Branch


You were on level 4 of the Dungeon.
You worshipped Gozag.
Gozag was pleased with you.
You visited 1 branch of the dungeon, and saw 4 of its levels.

You collected 606 gold pieces.
You paid 30 gold pieces to Gozag.

Inventory:

Hand Weapons
 a - a +0 war axe (weapon)
Missiles
 n - a throwing net (quivered)
Armour
 b - a +0 scale mail (worn)
 c - a +0 buckler (worn)
Jewellery
 e - a ring of willpower (left hand)
 f - a ring of protection from cold (right hand)
 g - a ring of fire
 i - a ring of protection from fire
 j - a ring of protection from fire
Scrolls
 h - a scroll of enchant weapon {unknown}
Potions
 d - a potion of curing {unknown}
 k - a potion of brilliance {unknown}
 l - a potion of might
 m - a potion of invisibility {unknown}


   Skills:
 + Level 5.3 Fighting
 + Level 6.8 Axes
 * Level 7.1 Armour
 - Level 4.0 Shields


You had 6 spell levels left.
You didn't know any spells.
Your spell library contained the following spells:

 Spells                   Type           Power      Damage    Failure   Level
 Animate Skeleton         Necr           0%         N/A       77%         1
 Pain                     Necr           0%         1d4       77%         1
 Slow                     Hex            0%         N/A       77%         1
 Confusing Touch          Hex            0%         N/A       98%         3
 Vampiric Draining        Necr           0%         2d6       98%         3


Dungeon Overview and Level Annotations

Branches:
Dungeon (4/15)
 Temple: D:4-7

Altars:
Gozag


Innate Abilities, Weirdness & Mutations

You have a pair of horns on your head.
You reflexively headbutt those who attack you in melee.


Message History

The jackal is distracted by your dazzling golden aura.
The jackal barks!
Things that are here:
6 gold pieces; a +0 mace Unknown command.
Unknown command.
You barely miss the orc warrior. You headbutt the orc warrior!
The orc warrior is severely wounded.
You barely miss the orc priest.
The orc warrior is distracted by your dazzling golden aura.
The orc priest barely misses you.
The orc warrior shouts!
You barely miss the orc warrior.
The orc warrior is no longer distracted by gold.
The orc warrior is severely wounded.
You closely miss the orc priest.
The jackal is no longer distracted by gold.
The orc priest hits you but does no damage.
The jackal bites you.
* * * LOW HITPOINT WARNING * * *
The orc warrior is distracted by your dazzling golden aura.
You closely miss the orc warrior.
The orc warrior is no longer distracted by gold.
The orc warrior is severely wounded.
You barely miss the jackal. You hit the orc priest.
The orc priest closely misses you. You furiously retaliate!
You headbutt the orc priest, but do no damage.
The jackal bites you.
* * * LOW HITPOINT WARNING * * *
You block the orc warrior's attack.
You slash the orc warrior!
You kill the orc warrior!
You closely miss the jackal. You closely miss the orc priest.
The jackal bites you but does no damage.
The orc priest looks encouraged for a moment.
You block the jackal's attack.
The orc priest invokes the aid of Beogh against you.
Beogh smites you!
You die...
Your body crumbles into a pile of gold.

#### ... #.##
#..#######.#
#..........
#.#$######
##.#$h###
########..##@o.#
........>..##....#
########...# #.#.#
#...## (..8$ #
#####....# (8..#.
. #.......## $#..#
# #......## .##
#......####.###
#.)...........


You could see an orc priest and a jackal.

Vanquished Creatures
  Sigmund (D:3)
  An ice beast (D:3)
  An ogre (D:4)
  An orc warrior (D:4)
  A scorpion (D:4)
  The ghost of spaghetti the Grave Robber, a weakling DgNe (D:3)
  An orc priest (D:3)
  An orc wizard (D:4)
  Robin (D:3)
  3 gnolls (D:4)
  6 adders
  2 hound simulacra (D:3)
  An ufetubus (D:4)
  An adder skeleton (D:4)
  3 worms
  2 dart slugs
  3 adder simulacra (D:3)
  7 orcs
  5 endoplasms
  15 goblins
  7 hobgoblins
  7 jackals
  5 kobolds
  3 quokkas
  3 ball pythons
  2 ball python simulacra (D:3)
  5 bats
  2 frilled lizards
  7 rats
98 creatures vanquished.

Vanquished Creatures (others)
  3 plants (D:2)
3 creatures vanquished.

Grand Total: 101 creatures vanquished

Notes
Turn   | Place    | Note
-------+----------+-------------------------------------------
     0 | D:1      | ytrimaz the Minotaur Fighter began the quest for the Orb.
     0 | D:1      | Reached XP level 1. HP: 19/19 MP: 0/0
   165 | D:1      | Reached skill level 4 in Armour
   165 | D:1      | Reached XP level 2. HP: 27/27 MP: 1/1
   834 | D:2      | Reached XP level 3. HP: 33/33 MP: 2/2
   886 | D:2      | Found an opulent altar of Gozag.
   965 | D:2      | Became a worshipper of Gozag Ym Sagoz the Greedy
  1100 | D:2      | Reached XP level 4. HP: 21/40 MP: 3/3
  1451 | D:3      | Noticed Sigmund
  1465 | D:3      | Killed Sigmund
  1466 | D:3      | Reached skill level 5 in Armour
  1466 | D:3      | Reached XP level 5. HP: 4/47 MP: 4/4
  1760 | D:3      | Noticed Robin
  1783 | D:3      | Killed Robin
  1893 | D:3      | Reached skill level 5 in Axes
  1893 | D:3      | Reached skill level 6 in Armour
  1893 | D:3      | Reached XP level 6. HP: 39/53 MP: 5/5
  2103 | D:3      | Found a runed translucent gate.
  2103 | D:3      | Found a runed translucent gate.
  2103 | D:3      | Found a runed translucent gate.
  2229 | D:3      | Found a faded altar of an unknown god.
  2242 | D:3      | Noticed an ice beast
  2251 | D:3      | Killed an ice beast
  2603 | D:3      | Noticed spaghetti's ghost (weakling DgNe)
  2781 | D:3      | Killed spaghetti's ghost
  2782 | D:3      | Reached skill level 5 in Fighting
  3016 | D:4      | Reached XP level 7. HP: 61/61 MP: 6/6
  3532 | D:4      | Reached skill level 7 in Armour
  3837 | D:4      | Killed from afar by an orc priest

Illustrated notes

Levels and vault maps discovered:
D:1:      moated_graveyard_arrival, layout_loops_cross, roderic_roman_lattice
D:2:      cheibrodos_old_hovel, layout_rooms, basic_altar, dk_noncrumbling_3,
          chequers_serial_rivers_micro_e, kennysheep_generic_room_9
D:3:      layout_loops_cross, hellmonk_ecumenical_altar_leap_of_faith,
          gammafunk_ghost_icy, uniq_robin, uniq_sigmund
D:4:      layout_basic, guppyfry_early_orc_mine

Skill      XL: |  1  2  3  4  5  6  7 |
---------------+----------------------+-----
Armour         | 4 5 6 7 |  7.1
Shields        | 4 |  4.0
Fighting       | 4 5 |  5.3
Axes           | 3 4 5 6 |  6.8

Action                   |  1- 3 |  4- 6 |  7- 9 || total
-------------------------+-------+-------+-------++-------
Melee: War axe           |    72 |    91 |    50 ||   213
       Headbutt          |     7 |    15 |     6 ||    28
  Use: Scroll            |     3 |       |     1 ||     4
       Potion            |       |     3 |       ||     3
 Stab: Distracted        |       |     1 |       ||     1
Armor: Scale mail        |    41 |    33 |    20 ||    94
       Skin              |       |     2 |       ||     2
Dodge: Dodged            |    30 |    41 |    31 ||   102
Block: Buckler           |    14 |    18 |    10 ||    42

Table legend: (Time is in decaauts)
 A = Elapsed time spent in this place.
 B = Non-inter-level travel time spent in this place.
 C = Inter-level travel time spent in this place.
 D = Time resting spent in this place.
 E = Time spent auto-exploring this place.
 F = Levels seen in this place.
 G = Mean time per level.
                   A        B        C        D        E       F      G
               +--------+--------+--------+--------+--------+-----+--------+
         Total |   3879 |   3822 |     57 |     35 |   3157 |   4 |  969.8 |
       Dungeon |   3879 |   3822 |     57 |     35 |   3157 |   4 |  969.8 |
               +--------+--------+--------+--------+--------+-----+--------+

Top non-repeatable levels by time:
     D:3: 1589 daAuts
     D:4: 837 daAuts
     D:2: 742 daAuts
     D:1: 711 daAuts
